 Dungeon Crawl Stone Soup version 0.27.1-33-g824d729ab1 (webtiles) character file.

Game seed: 17795530077206924805

182 markt42 the Shield-Bearer (level 5, -1/33 HPs)
             Began as a Gargoyle Fighter on Dec 31, 2021.
             Slain by a gnoll (6 damage)
             ... on level 3 of the Dungeon.
             The game lasted 00:02:03 (3001 turns).

markt42 the Shield-Bearer (Gargoyle Fighter)        Turns: 3001, Time: 00:02:04

Health: -1/33      AC: 12    Str: 19    XL:     5   Next: 62%
Magic:  5/5        EV:  7    Int:  9    God:
Gold:   91         SH: 14    Dex: 10    Spells: 4/4 levels left

rFire    . . .     SeeInvis .   a - +0 flail
rCold    . . .     Faith    .   c - +0 kite shield
rNeg     + . .     Spirit   .   b - +0 scale mail
rPois    ∞         Reflect  +   (helmet restricted)
rElec    +         Harm     .   (no cloak)
rCorr    .         Rampage  .   k - +0 pair of gloves
Will     .....                  (no boots)
Stlth    ..........             e - amulet of reflection
HPRegen  0.11/turn              (no ring)
MPRegen  0.09/turn              (no ring)

@: no status effects
A: sickness immunity, AC +4, negative energy resistance 1, electricity
resistance, torment resistance 1, petrification resistance, horns 1, MP-powered
wands
a: no special abilities


You were on level 3 of the Dungeon.
You visited 1 branch of the dungeon, and saw 3 of its levels.

You collected 91 gold pieces.

Inventory:

Hand Weapons
 a - a +0 flail (weapon)
Armour
 b - a +0 scale mail (worn)
 c - a +0 kite shield (worn)
 k - a +0 pair of gloves (worn)
Jewellery
 e - an amulet of reflection (around neck)
Wands
 m - a wand of mindburst (11)
Scrolls
 f - a scroll of summoning {unknown}
 g - a scroll of vulnerability {unknown}
 h - a scroll of teleportation {unknown}
 i - a scroll of identify {unknown}
 l - a scroll of enchant weapon {unknown}


   Skills:
 + Level 3.8 Fighting
 + Level 3.6 Maces & Flails
 + Level 4.0 Armour
 + Level 0.8 Dodging
 + Level 4.5 Shields


You had 4 spell levels left.
You didn't know any spells.
Your spell library contained the following spells:

 Spells                   Type           Power      Damage    Failure   Level
 Conjure Flame            Conj/Fire      0%         6-21      100%        3
 Ignite Poison            Fire/Tmut/Pois 0%         N/A       100%        3
 Sticky Flame             Conj/Fire      0%         2d3       100%        4


Dungeon Overview and Level Annotations

Branches:
Dungeon (3/15)

Altars:


Innate Abilities, Weirdness & Mutations

You are immune to sickness and miasma.
Your stone body is resilient. (AC +4)
You are immune to poison.
You resist negative energy. (rN+)
You are resistant to electric shocks. (rElec)
You are resistant to unholy torment.
You are immune to petrification.
You have a pair of small horns on your head.
You expend magic power (3 MP) to strengthen your wands.


Message History

You are too injured to fight recklessly!
You are too injured to fight recklessly!
It was a potion of mutation.
You feel extremely strange.
You feel your magical essence link to the dungeon's wands.
A pair of horns grows on your head! You block the gnoll's attack.
It was a potion of haste.
You feel yourself speed up. The gnoll hits you but does no damage.
You sock the gnoll!
You kill the gnoll!
A gnoll comes into view. It is wielding a +0 spear.
Things that are here:
a +0 halberd; a gnoll corpse A gnoll is nearby!
You block the gnoll's attack. You block the gnoll's attack.
You closely miss the gnoll. You completely miss the gnoll.
You block the gnoll's attack.
You sock the gnoll! You headbutt the gnoll.
You kill the gnoll!
Things that are here:
a +0 spear; a gnoll corpse You start resting.
Your extra speed is starting to run out.
You start resting.
You feel yourself slow down.
You start resting.
A gnoll comes into view. It is wielding a +0 flail.
A gnoll is nearby!
A gnoll is nearby!
The gnoll shouts!
You hit the gnoll but do no damage. You block the gnoll's attack.
You hit the gnoll.
The gnoll is lightly wounded.
The gnoll hits you with a +0 flail!
* * * LOW HITPOINT WARNING * * *
You hit the gnoll but do no damage.
The gnoll is lightly wounded.
The gnoll hits you with a +0 flail.
You die...

#########
#<....).#
#)#####@#
#.#####g####.#
#.##...)....#
#.##.##.####.#
#.##.##.#
#.......#
####[#### #.#
#.#


You could see a gnoll.

Vanquished Creatures
  A water moccasin skeleton (D:2)
  6 gnolls
  2 adders (D:2)
  A dart slug (D:1)
  2 ball pythons (D:2)
  4 endoplasms
  6 giant cockroaches
  2 goblins
  6 hobgoblins
  5 jackals (D:2)
  2 quokkas
  8 bats
  5 frilled lizards
  3 kobolds
53 creatures vanquished.

Notes
Turn   | Place    | Note
-------+----------+-------------------------------------------
     0 | D:1      | markt42 the Gargoyle Fighter began the quest for the Orb.
     0 | D:1      | Reached XP level 1. HP: 14/14 MP: 1/1
   287 | D:1      | Reached XP level 2. HP: 17/19 MP: 2/2
   476 | D:1      | You fall into a shaft and drop 1 floor!
   697 | D:2      | Reached XP level 3. HP: 9/23 MP: 3/3
  1816 | D:2      | Reached XP level 4. HP: 18/28 MP: 4/4
  1950 | D:2      | Found a faded altar of an unknown god.
  2111 | D:2      | Reached XP level 5. HP: 14/33 MP: 5/5
  2930 | D:3      | Gained mutation: You expend magic power (3 MP) to
                  | strengthen your wands. [potion of mutation]
  2930 | D:3      | Gained mutation: You have a pair of small horns on your
                  | head. [potion of mutation]
  3001 | D:3      | Slain by a gnoll

Illustrated notes

Levels and vault maps discovered:
D:1:      dpeg_arrival_central, layout_basic, hangedman_decor_diamond_cutter
D:2:      minmay_wonky_spiral, layout_basic, chequers_ecumenical_altar_island
D:3:      layout_loops_cross, minmay_misc_feat_hallway, serial_bayou_pond_c

Skill      XL: |  1  2  3  4 |
---------------+-------------+-----
Shields        | 4 |  4.5
Maces & Flails | 3 |  3.6
Armour         | 4 |  4.0
Fighting       | |  3.8
Dodging        | |  0.8

Action                   |  1- 3 |  4- 6 || total
-------------------------+-------+-------++-------
Melee: Flail             |   162 |    56 ||   218
       Headbutt          |       |     1 ||     1
  Use: Potion            |       |     3 ||     3
Armor: Scale mail        |    85 |    15 ||   100
Dodge: Dodged            |    51 |    15 ||    66
Block: Kite shield       |   190 |    49 ||   239
       Reflection        |     1 |     1 ||     2
